 Seeded DCSS version 0.30.1-9-gdf580d7c3d (webtiles) character file.

Game seed: 15660985446129201502 (custom seed)

872 AccursedSamuel the Cleaver (level 8, -2/49 HPs)
             Began as a Tengu Monk on Oct 11, 2023.
             Slain by Edmund
             ... wielding a +2 heavy dire flail
              (24 damage)
             ... on level 5 of the Dungeon.
             The game lasted 00:04:38 (3997 turns).

AccursedSamuel the Cleaver (Tengu Monk)             Turns: 3997, Time: 00:04:38

Health: -2/49      AC:  2    Str: 14      XL:     8   Next: 4%
Magic:  9/9        EV: 17    Int: 13      God:
Gold:   323        SH:  0    Dex: 15 (16) Spells: 7/7 levels left

rFire   . . .        e - +4 broad axe "Tengu's Foe" {heavy, rPois Int+2}
rCold   . . .        d - orb {light}
rNeg    . . .        b - +0 robe
rPois   +            (helmet restricted)
rElec   .            (no cloak)
rCorr   .            (no gloves)
SInv    .            (boots unavailable)
Will    .....        (no amulet)
Stlth   +            (no ring)
HPRegen 0.28/turn    (no ring)
MPRegen 0.11/turn

%: no passive effects
@: flying quickly and evasively, glowing, quick
A: beak, talons 3, nimble flight
a: no special abilities


You were on level 5 of the Dungeon.
You visited 1 branch of the dungeon, and saw 5 of its levels.

You collected 323 gold pieces.

Inventory:

Hand Weapons
 e - the +4 broad axe "Tengu's Foe" (weapon) {heavy, rPois Int+2}
   (You acquired it on level 1 of the Dungeon)

   Int:       It affects your intelligence (+2).
   rPois:     It protects you from poison.
Armour
 b - a +0 robe (worn)
 d - an orb of light (worn)
Jewellery
 p - a +4 ring of protection
Wands
 t - a wand of iceblast (2)
Scrolls
 a - 7 scrolls of teleportation {unknown}
 g - a scroll of enchant armour {unknown}
 h - a scroll of noise {unknown}
 j - a scroll of immolation {unknown}
 l - 3 scrolls of identify {unknown}
 q - a scroll of fog {unknown}
 r - 2 scrolls of blinking {unknown}
 s - a scroll of torment {unknown}
Potions
 c - a potion of ambrosia
 f - a potion of curing {unknown}
 i - a potion of degeneration {unknown}
 k - a potion of attraction {unknown}
 m - a potion of heal wounds {unknown}
 n - 2 potions of flight {unknown}
 o - 2 potions of magic {unknown}
 u - a potion of haste {unknown}
 v - a potion of lignification {unknown}
 w - a potion of brilliance {unknown}


   Skills:
 + Level 5.1 Fighting
 + Level 8.1 Axes
 + Level 5.0 Dodging
 + Level 1.0 Stealth


You had 7 spell levels left.
You didn't know any spells.
Your spell library contained the following spells:

 Spells                   Type           Power      Damage    Failure   Level
 Cigotuvi's Dreadful Rot  Necr/Pois/Air  0%         N/A       43%         2
 Lesser Beckoning         Tloc           0%         N/A       43%         2
 Gell's Gravitas          Tloc           0%         N/A       67%         3
 Ignite Poison            Fire/Tmut/Pois 0%         N/A       67%         3
 Teleport Other           Tloc           0%         N/A       67%         3
 Dispel Undead            Necr           0%         3d6       97%         4
 Sticky Flame             Conj/Fire      0%         2d3       97%         4
 Death Channel            Necr           0%         N/A       100%        6
 Ignition                 Fire           0%         3d3       100%        8


Dungeon Overview and Level Annotations

Branches:
Dungeon (5/15)
 Temple: D:4-7

Altars:
Elyvilon
Ru
Wu Jian

Annotations:
D:2 1 runed translucent door, Crazy Yiuf
D:5 Edmund


Innate Abilities, Weirdness & Mutations

You have a beak for a mouth.
You have claws for feet.
Your magical nature lets you fly swiftly and evasively.


Message History

A shadow imp is nearby!
A shadow imp is nearby!
An ufetubus comes into view.
You see here a green potion.
You slice the shadow imp like a ripe choko!!!
You kill the shadow imp!
A shadow imp comes into view.
The ufetubus hits you. The ufetubus misses you.
You closely miss the ufetubus. Your peck misses the ufetubus.
The ufetubus barely misses you. x2
You slash the shadow imp!
You kill the shadow imp!
You closely miss the ufetubus.
The ufetubus hits you but does no damage.
The ufetubus hits you.
The ufetubus hits you but does no damage.
The ufetubus misses you. The ufetubus completely misses you.
The ufetubus hits you.
You slash the ufetubus!
You kill the ufetubus!
You now have 320 gold pieces (gained 7).
v - a green potion You now have 323 gold pieces (gained 3).
w - a pink potion
Found a stone staircase leading up.
Found a trident.
Found a stone staircase leading down.
Edmund the Younger comes into view.
He is wielding a +2 heavy dire flail and wearing a +2 chain mail of cold resistance.
Edmund shouts!
Found a viscous emerald potion.
Found a scroll labelled GEUSOIM ZAGAC.
Edmund completely misses you.
You hit Edmund but do no damage. Your kick misses Edmund.
Edmund hits you with a +2 heavy dire flail!
You slash Edmund! Your kick misses Edmund. You peck Edmund, but do no damage.
Edmund is lightly wounded.
Edmund hits you with a +2 heavy dire flail!!
You barely miss Edmund. Your kick misses Edmund.
Edmund is lightly wounded.
Edmund barely misses you.
Edmund hits you with a +2 heavy dire flail!!
You die...

...... ##
...........##>..
...........#...#
..............# ...
.............# #...
.............### ##...
...............## #...#
.......@........####...#
.......@.....##...##...#
..!..........###.......#
......!......# ###......
.............)# ##.....
?.............# ##..##
..............# #..#
P..........<### #..#
§≈..##......# #.## ##.#


You could see Edmund.

Vanquished Creatures
  Sigmund (D:4)
  An ogre (D:5)
  2 scorpions
  2 hounds
  2 quasits (D:5)
  2 orc priests
  2 iguanas
  Jessica (D:2)
  A sleepcap (D:5)
  Ijyb (D:4)
  3 adders
  3 shadow imps (D:5)
  2 white imps (D:5)
  5 ufetubi
  A worm (D:4)
  4 dart slugs
  10 orcs
  6 ball pythons
  9 endoplasms
  2 giant cockroaches (D:2)
  8 goblins
  9 hobgoblins
  6 kobolds
  6 quokkas
  3 bats
  7 frilled lizards
  8 rats
  A spectral kobold (D:2)
108 creatures vanquished.

Notes
Turn   | Place    | Note
-------+----------+-------------------------------------------
     0 | D:1      | AccursedSamuel the Tengu Monk began the quest for the Orb.
     0 | D:1      | Reached XP level 1. HP: 14/14 MP: 2/2
    83 | D:1      | Reached XP level 2. HP: 19/19 MP: 3/3
    88 | D:1      | Identified a scroll of acquirement
    88 | D:1      | Acquired the +4 broad axe "Tengu's Foe" {heavy, rPois
                  | Int+2}
   349 | D:1      | Reached XP level 3. HP: 23/23 MP: 4/4
   816 | D:2      | Reached skill level 4 in Axes
   867 | D:2      | Found a faded altar of an unknown god.
  1201 | D:2      | Noticed Jessica
  1207 | D:2      | Killed Jessica
  1208 | D:2      | Reached XP level 4. HP: 23/28 MP: 5/5
  1416 | D:2      | Found a runed translucent door.
  1417 | D:2      | Noticed Crazy Yiuf
  1755 | D:3      | Reached skill level 5 in Axes
  1755 | D:3      | Gained mutation: Your magical nature lets you fly swiftly
                  | and evasively. [Tengu growth]
  1755 | D:3      | Reached XP level 5. HP: 20/33 MP: 6/6
  1906 | D:3      | Found an ornate altar of the Wu Jian Council.
  2516 | D:4      | Reached XP level 6. HP: 38/38 MP: 7/7
  2762 | D:4      | Reached skill level 6 in Axes
  2820 | D:4      | Noticed Sigmund
  2821 | D:4      | Noticed Ijyb
  2832 | D:4      | Killed Ijyb
  2836 | D:4      | Killed Sigmund
  2837 | D:4      | Reached skill level 7 in Axes
  2837 | D:4      | Reached skill level 1 in Stealth
  2837 | D:4      | Reached XP level 7. HP: 29/44 MP: 8/8
  3420 | D:5      | Entered Level 5 of the Dungeon
  3594 | D:5      | Found a sacrificial altar of Ru.
  3663 | D:5      | Reached skill level 5 in Fighting
  3785 | D:5      | Reached skill level 5 in Dodging
  3789 | D:5      | Reached skill level 8 in Axes
  3792 | D:5      | Reached XP level 8. HP: 36/49 MP: 9/9
  3874 | D:5      | Found a white marble altar of Elyvilon.
  3990 | D:5      | Noticed Edmund
  3997 | D:5      | Slain by Edmund

Illustrated notes

Levels and vault maps discovered:
D:1:      minmay_arrival_pointy, layout_loops_ring, minmay_gold_behind_fungi
D:2:      layout_basic, dreamdust_ecumenical_altar_drowned_temple,
          hangedman_decor_clover_reticule, fountainhead,
          uniq_crazy_yiuf_cottage, uniq_jessica
D:3:      layout_loops_ring, general_overflow_altar, serial_bayou_pond_d
D:4:      layout_basic, nicolae_eternal_life, uniq_ijyb, uniq_sigmund
D:5:      layout_layer_cave, mainiacjoe_overflow_small_starburst,
          elyvilon_altar_1, serial_demonic, serial_demonic_e, serial_demonic_b,
          serial_demonic_e, serial_demonic_a, serial_demonic_e,
          serial_demonic_e, serial_demonic_g, serial_demonic_a,
          serial_demonic_d, serial_demonic_g, uniq_edmund

Skill      XL: |  1  2  3  4  5  6  7 |
---------------+----------------------+-----
Axes           | 4 5 7 8 |  8.1
Dodging        | 4 5 |  5.0
Fighting       | 4 5 |  5.1
Stealth        | 1 |  1.0

Action                     |  1- 3 |  4- 6 |  7- 9 || total
---------------------------+-------+-------+-------++-------
  Melee: Hand axe          |     8 |       |       ||     8
         Kick              |     9 |    15 |     6 ||    30
         Broad axe         |    43 |    66 |    34 ||   143
         Peck              |     1 |     9 |     6 ||    16
    Use: Scroll            |     1 |       |       ||     1
 Armour: Robe              |     7 |     8 |    10 ||    25
  Dodge: Dodged            |    46 |    63 |    46 ||   155
